 Dungeon Crawl Stone Soup version 0.23.2 (webtiles) character file.

Game seed: 2023536587924939935

4106 madbatwithhat the Spear-Bearer (level 10, -7/86 HPs)
             Began as a Minotaur Berserker on Apr 5, 2019.
             Was an Elder of Trog.
             Mangled by a sixfirhy (12 damage)
             ... led by a cacodemon
             ... on level 2 of the Abyss.
             The game lasted 00:38:20 (6105 turns).

madbatwithhat the Spear-Bearer (Minotaur Berserker) Turns: 6105, Time: 00:38:20

Health: -7/86      AC: 17    Str: 27    XL:     10   Next: 6%
Magic:  9/9        EV: 12    Int:  4    God:    Trog [****..]
Gold:   473        SH:  0    Dex: 10    Spells: 9/9 levels left

rFire    . . .     SeeInvis .   k - +0 halberd
rCold    . . .     Gourm    +   (shield currently unavailable)
rNeg     + . .     Faith    .   r - +1 pearl dragon scales
rPois    +         Spirit   .   (helmet restricted)
rElec    .         Reflect  .   x - scarf {repulsion}
rCorr    .         Harm     .   (no gloves)
MR       .....                  h - +0 pair of boots
Stlth    ..........             j - amulet of the gourmand
HPRegen  0.00/turn              f - ring of poison resistance
MPRegen  0.11/turn              l - +4 ring of strength

@: about to teleport, non-regenerating, mildly diseased, repel missiles
A: retaliatory headbutt, horns 2, thin metallic scales 1, strong 1, [weak 2],
evolution 1
a: Berserk, Trog's Hand, Brothers in Arms, Renounce Religion


You were on level 2 of the Abyss.
You worshipped Trog.
Trog was greatly pleased with you.
You were not hungry.

You visited 1 branch of the dungeon, and saw 8 of its levels.
You visited the Abyss 1 time.

You collected 473 gold pieces.

Inventory:

Hand Weapons
 a - a +0 hand axe
 k - a +0 halberd (weapon)
 o - a +0 trident
Armour
 b - a +0 animal skin
 e - a +0 scale mail
 h - a +0 pair of boots (worn)
 m - a +0 chain mail
 p - a +0 ring mail
 r - +1 pearl dragon scales (worn)
 x - a scarf of repulsion (worn)
Jewellery
 f - a ring of poison resistance (left hand)
 j - an amulet of the gourmand (around neck)
 l - a +4 ring of strength (right hand)
 y - a +3 ring of dexterity
 E - the ring of Contentment {rPois Str+5 Int+3 Stlth-, unknown}
   (You found it on level 7 of the Dungeon)

   [ring of attention]

   It affects your strength (+5).
   It affects your intelligence (+3).
   It protects you from poison.
   It makes you less stealthy.
 G - an uncursed ring of wizardry {unknown}
Wands
 t - a wand of flame (62)
 F - a wand of iceblast (8)
Scrolls
 i - 2 scrolls of fear
 n - 2 scrolls of identify
 s - 2 scrolls of remove curse
 A - 3 scrolls of blinking
 D - a scroll of magic mapping
 H - a scroll of enchant armour
Potions
 d - a potion of might
 g - a potion of lignification
 q - 5 potions of flight
 u - 2 potions of mutation
 v - a potion of haste
 w - a potion of heal wounds
 z - 2 potions of curing
 B - a potion of magic
Comestibles
 c - 13 rations


   Skills:
 + Level 7.0 Fighting
 - Level 6.9(10.5) Axes
 * Level 12.2(12.9) Polearms
 + Level 7.1 Armour
 + Level 4.6 Dodging
 + Level 1.6 Stealth


You had 9 spell levels left.
You didn't know any spells.
Your spell library contained the following spells:

 Spells                   Type           Power        Failure   Level  Hunger
 Animate Skeleton         Necr           N/A          80%         1    ##.....
 Pain                     Necr           #...         80%         1    ##.....
 Regeneration             Chrm/Necr      #.........   99%         3    ####...
 Vampiric Draining        Necr           #.........   99%         3    ####...
 Animate Dead             Necr           N/A          100%        4    #####..


Dungeon Overview and Level Annotations

Branches:
Dungeon (8/15)             Temple (0/1) D:6
   Lair: D:8-11

Altars:
Dithmenos
Elyvilon
Fedhas
Hepliaklqana
Makhleb
Okawaru
Ru
Sif Muna
Trog
Xom
Yredelemnul
Zin
Beogh

Annotations:
D:8 3 runed translucent doors, Psyche; grerr's ghost, novice DECj


Innate Abilities, Weirdness & Mutations

You reflexively headbutt those who attack you in melee.
You have a pair of horns on your head.
You are partially covered in thin metallic scales. (AC +2)
Your muscles are strong. (Str +2)
You evolve.
[You are very weak. (Str -4)]


Message History

The sixfirhy hits you!
* * * LOW HITPOINT WARNING * * *
The sixfirhy shocks you!
* * * LOW HITPOINT WARNING * * *
The sixfirhy hits you but does no damage.
A wretched star comes into view.
The sixfirhy closely misses you.
As you read the scroll of teleportation, it crumbles to dust.
You feel strangely unstable.
You feel the power of the Abyss delaying your translocation!
The sixfirhy hits you but does no damage. x3
The cacodemon gestures at the rock wall.
Some rock shatters into small pieces.
The sixfirhy closely misses you.
The wretched star pulses with an eldritch light!
You feel weaker. x2
The sixfirhy hits you.
* * * LOW HITPOINT WARNING * * *
The sixfirhy shocks you!
You die...

... #..# ....# ##
..###.... #. #
..#.##..####. .#
.#...##.....#...
.....#.....#.#.###
#..........@.......
#..##.....3...#....
......#*..........
#.........4.....## #
..#.......##..#.....
#
#.#....2##.....##...
#. ###...##.....#..#
# ..#.#.......#....#
.......... .......#


You could see a cacodemon, a wretched star, an orange demon and a sixfirhy.

Vanquished Creatures
  Joseph (D:7)
  An ancient zyme (Abyss:2)
  Prince Ribbit (D:7)
  Grinder (D:5)
  Sigmund (D:3)
  3 yaks (D:7)
  A neqoxec (Abyss:2)
  Menkaure (D:7)
  Edmund (D:5)
  2 sky beasts
  An ice beast (D:7)
  A necrophage (D:5)
  4 ogres
  2 centaurs
  Blork the orc (D:4)
  4 bullfrogs
  4 scorpions
  A crimson imp (D:7)
  3 hounds
  A bullfrog zombie (D:7)
  2 bullfrog skeletons
  A gnoll shaman (D:4)
  2 orc wizards
  3 iguanas
  Ijyb (D:5)
  Terence (D:2)
  5 worker ants
  A hound skeleton (D:7)
  A worker ant zombie (D:5)
  6 gnolls
  9 adders
  A shadow imp (D:5)
  An adder zombie (D:6)
  A worm (D:2)
  A dart slug (D:4)
  8 leopard geckos
  15 orcs
  5 giant cockroaches
  3 goblins
  9 hobgoblins
  12 jackals
  5 kobolds
  2 quokkas (D:5)
  A bat (D:2)
  9 frilled lizards
  6 rats
  A fungus (D:5)
147 creatures vanquished.

Vanquished Creatures (others)
  A fungus (D:5)
  A plant (D:8)
  3 toadstools (D:5)
5 creatures vanquished.

Grand Total: 152 creatures vanquished

Notes
Turn   | Place    | Note
-------+----------+-------------------------------------------
     0 | D:1      | madbatwithhat the Minotaur Berserker began the quest for
                  | the Orb.
     0 | D:1      | Reached XP level 1. HP: 19/19 MP: 0/0
   455 | D:1      | Reached XP level 2. HP: 25/27 MP: 1/1
   818 | D:2      | Reached XP level 3. HP: 25/33 MP: 2/2
   951 | D:2      | Reached XP level 4. HP: 27/41 MP: 3/3
   959 | D:2      | Reached ** piety under Trog
   960 | D:2      | Found an iron altar of Okawaru.
  1295 | D:2      | Reached skill level 5 in Axes
  1426 | D:2      | Noticed Terence
  1432 | D:2      | Killed Terence
  1667 | D:3      | Found a burning altar of Makhleb.
  1670 | D:3      | Found a hazy altar of Hepliaklqana.
  1687 | D:3      | Reached XP level 5. HP: 47/47 MP: 4/4
  1690 | D:3      | Noticed Sigmund
  1753 | D:3      | Killed Sigmund
  1753 | D:3      | Reached XP level 6. HP: 27/55 MP: 5/5
  2096 | D:4      | Reached *** piety under Trog
  2304 | D:4      | Reached skill level 1 in Polearms
  2306 | D:4      | Noticed Blork the orc
  2322 | D:4      | Killed Blork the orc
  2322 | D:4      | Reached skill level 5 in Fighting
  2346 | D:4      | Reached XP level 7. HP: 47/61 MP: 6/6
  2548 | D:4      | Found a shimmering altar of Xom.
  2573 | D:4      | Reached skill level 2 in Polearms
  2614 | D:4      | Reached skill level 3 in Polearms
  2748 | D:4      | Reached skill level 5 in Armour
  2955 | D:4      | Gained mutation: Your muscles are strong. (Str +2) [potion
                  | of mutation]
  2955 | D:4      | Gained mutation: You evolve. [potion of mutation]
  3282 | D:5      | Entered Level 5 of the Dungeon
  3295 | D:5      | Noticed Edmund
  3302 | D:5      | Killed Edmund
  3302 | D:5      | Reached skill level 4 in Polearms
  3360 | D:5      | Reached skill level 5 in Polearms
  3429 | D:5      | Reached skill level 1 in Stealth
  3429 | D:5      | Reached XP level 8. HP: 68/70 MP: 7/7
  3464 | D:5      | Reached skill level 6 in Polearms
  3466 | D:5      | Noticed Ijyb
  3473 | D:5      | Killed Ijyb
  3838 | D:5      | Reached skill level 7 in Polearms
  3863 | D:5      | Noticed Grinder
  3864 | D:5      | Paralysed by Grinder for 4 turns
  3873 | D:5      | Paralysed by Grinder for 2 turns
  3881 | D:5      | Killed Grinder
  3984 | D:6      | Reached **** piety under Trog
  3984 | D:6      | Reached skill level 8 in Polearms
  4112 | D:6      | Found a staircase to the Ecumenical Temple.
  4319 | D:6      | Found a white marble altar of Elyvilon.
  4383 | D:6      | Reached XP level 9. HP: 73/78 MP: 8/8
  4603 | D:6      | Found a shadowy altar of Dithmenos.
  4607 | D:6      | Found a sacrificial altar of Ru.
  4609 | D:6      | Found a bloodstained altar of Trog.
  4609 | D:6      | Found a basalt altar of Yredelemnul.
  4612 | D:6      | Found a blossoming altar of Fedhas.
  4614 | D:6      | Found a deep blue altar of Sif Muna.
  4615 | D:6      | Found a glowing silver altar of Zin.
  4653 | D:7      | Noticed Prince Ribbit
  4669 | D:7      | Got a coiled copper ring
  4672 | D:7      | Killed Prince Ribbit
  4672 | D:7      | Reached skill level 9 in Polearms
  5040 | D:7      | Noticed Menkaure
  5050 | D:7      | Killed Menkaure
  5093 | D:7      | Reached skill level 10 in Polearms
  5320 | D:7      | Reached skill level 11 in Polearms
  5642 | D:7      | Gained mutation: You are partially covered in thin metallic
                  | scales. (AC +2) [evolution]
  5706 | D:7      | Noticed Joseph
  5747 | D:7      | Killed Joseph
  5933 | D:8      | Noticed grerr's ghost (novice DECj)
  5936 | D:8      | Found a runed translucent gate.
  5936 | D:8      | Identified the cursed +1 ring mail "Ytolaxim" {*Slow rN+
                  | MR+ SInv}
  5937 | D:8      | Found a runed translucent gate.
  5938 | D:8      | Found a runed translucent gate.
  5954 | D:8      | Found a roughly hewn altar of Beogh.
  6055 | D:8      | Noticed Psyche
  6069 | D:8      | Reached skill level 12 in Polearms
  6070 | D:8      | Cast into level 2 of the Abyss (Psyche)
  6082 | Abyss:2  | Noticed an ancient zyme
  6087 | Abyss:2  | Noticed an orange demon
  6091 | Abyss:2  | Noticed a cacodemon
  6092 | Abyss:2  | Killed an ancient zyme
  6092 | Abyss:2  | Reached XP level 10. HP: 59/86 MP: 9/9
  6093 | Abyss:2  | Noticed a sixfirhy
  6100 | Abyss:2  | Noticed a wretched star
  6105 | Abyss:2  | Mangled by a sixfirhy

Skill      XL: |  1  2  3  4  5  6  7  8  9 |
---------------+----------------------------+-----
Fighting       | 4 5 6 7 |  7.0
Axes           | 4 5 6 |  6.9
Armour         | 3 4 5 6 7 |  7.1
Dodging        | 3 4 |  4.6
Polearms       | 1 5 8 12 | 12.2
Stealth        | 1 |  1.6

Action                   |  1- 3 |  4- 6 |  7- 9 | 10-12 || total
-------------------------+-------+-------+-------+-------++-------
Melee: Hand axe          |    53 |   109 |       |       ||   162
       Headbutt          |     3 |    24 |    58 |       ||    85
       Halberd           |       |    22 |   261 |       ||   283
  Use: Scroll            |       |     3 |     9 |     1 ||    13
       Potion            |       |     8 |     8 |       ||    16
 Stab: Invisible         |       |     1 |       |       ||     1
  Eat: Chunk             |       |     4 |    13 |       ||    17
Armor: Scale mail        |    11 |    40 |       |       ||    51
       Skin              |       |    17 |       |       ||    17
       Chain mail        |       |    14 |     6 |       ||    20
       Pearl dragon scal |       |       |    92 |     5 ||    97
Dodge: Dodged            |    34 |    63 |   134 |     4 ||   235
       Deflected         |       |       |    10 |       ||    10
